AoeStats
← Alex

Arabia

510367649Analyzed
1v1 RM · 17h ago on Sep 30, 2026· 80m 3s· 2 players
Game mode
Random Map
Map size
Tiny (2 player)
Population
200
Speed
Normal
Resources
Standard
Victory
Conquest
Starting age
Dark Age
Ending age
Imperial Age
RankedLock teamsTeams togetherTeam positionsShared explorationLock speedFull tech treeHidden civsTurbo modeCheats
Victory
Defeat
🇩🇪 Saxons · Germany
1543
+17
🇬🇧 Danes · United Kingdom
1570
-17
Alex
4:57 Loom
8:37 Feudal Age
9:24 Double-Bit Axe
14:10 Horse Collar
16:38 Fletching
21:23 Castle Age
19:51 Gold Mining
20:28 Padded Archer Armor
23:28 Bow Saw
23:20 Heavy Plow
23:40 Thumb Ring
24:31 Bodkin Arrow
24:57 Elite Skirmisher
27:15 Ballistics
34:24 Imperial Age
32:22 Guard Tower
34:56 Heavy Mounted Crossbowman
35:38 Bracer
38:14 Chemistry
38:01 Scale Mail Armor
41:35 Chain Mail Armor
41:31 Forging
42:13 Keep
47:07 Plate Mail Armor
47:54 Gold Shaft Mining
48:20 Conscription
49:37 Iron Casting
50:45 Shield Wall
52:17 Elite Hearth Troop
59:06 Wheelbarrow
59:30 Man-at-Arms
60:24 Long Swordsman
60:49 Gambesons
61:05 Squires
61:18 Arson
61:24 Two-Handed Swordsman
62:12 Champion
63:24 Hand Cart
63:05 Champion
66:45 Pikeman
68:00 Halberdier
76:13 Redemption
Wizward
7:06 Loom
9:23 Feudal Age
9:32 Man-at-Arms
10:27 Double-Bit Axe
15:23 Horse Collar
15:43 Arson
18:03 Scale Mail Armor
24:11 Castle Age
23:08 Stone Mining
24:04 Gold Mining
24:27 Fletching
24:56 Padded Archer Armor
24:52 Gambesons
25:59 Chain Mail Armor
26:26 Squires
27:06 Long Swordsman
27:58 Town Watch
29:52 Bow Saw
33:08 Wheelbarrow
33:40 Bodkin Arrow
33:27 Elite Skirmisher
34:37 Padded Archer Armor
35:32 Leather Archer Armor
35:54 Hamask
44:46 Forging
45:00 Masonry
46:51 Heavy Plow
51:02 Iron Casting
56:01 Imperial Age
55:03 Hand Cart
56:25 Gold Shaft Mining
56:21 Husbandry
57:35 Hoardings
56:31 Two-Handed Swordsman
57:53 Bloodlines
58:18 Plate Mail Armor
59:11 Blast Furnace
57:33 Champion
58:25 Siege Engineers
59:26 Bracer
59:49 Ballistics
59:26 Murder Holes
62:11 Conscription
61:28 Onager
63:49 Chemistry
67:34 Thumb Ring
68:22 Ring Archer Armor
67:34 Northmen's Fury
76:58 Bloodlines
77:21 Light Cavalry
Connection lost

Rejoining the realm…

Still unreachable

The connection could not be restored.

Session expired

The server has moved on; the page needs a fresh start.